 Dungeon Crawl Stone Soup version 0.20-a0-785-g17250f0 (webtiles) character file.

1326 sankara the Carver (level 8, -1/67 HPs)
             Began as a Barachian Fighter on Feb 27, 2017.
             Slain by a phantom (7 damage)
             ... on level 5 of the Dungeon.
             The game lasted 00:12:51 (3460 turns).

sankara the Carver (Barachian Fighter)              Turns: 3460, Time: 00:12:52

Health: -1/67      AC: 10    Str: 17 (19) XL:     8   Next: 60%
Magic:  8/8        EV:  9    Int:  8 (9)  God:
Gold:   196        SH:  5    Dex: 13 (14) Spells: 7/7 levels left

rFire    . . .     SeeInvis .   a - +0 long sword
rCold    . . .     Gourm    .   b - +0 scale mail
rNeg     . . .     Faith    .   j - +0 buckler
rPois    .         Spirit   .   (no helmet)
rElec    .         Reflect  .   r - +0 cloak
rCorr    .         Harm     .   h - +0 pair of gloves
MR       .....                  (no boots)
Stlth    ..........             p - amulet of regeneration
Regen    0.7/turn               (no ring)
MPRegen  0.2/turn               q - +2 ring of strength

@: very slightly contaminated, hasted, quick
A: +LOS, swims, slowness 1, strong legs 1
a: Hop


You were on level 5 of the Dungeon.
You were not hungry.

You visited 1 branch of the dungeon, and saw 5 of its levels.

You collected 196 gold pieces.

Inventory:

Hand Weapons
 a - a +0 long sword (weapon)
Armour
 b - a +0 scale mail (worn)
 c - a +0 shield
 h - a +0 pair of gloves (worn)
 j - a +0 buckler (worn)
 r - a +0 cloak (worn)
Jewellery
 m - a +4 ring of strength
 p - an amulet of regeneration (around neck)
 q - a +2 ring of strength (left hand)
Wands
 i - a wand of acid (3/15)
 n - a wand of digging (4/24)
 t - a wand of flame (35/48)
Scrolls
 g - 4 scrolls of teleportation {unknown}
 o - 4 scrolls of remove curse {unknown}
 s - a scroll of fear {unknown}
 x - a scroll of blinking {unknown}
 y - a scroll of identify
Potions
 d - a potion of might
 e - a potion of curing
 v - a potion of degeneration
Comestibles
 f - 2 bread rations
 k - 2 royal jellies
 l - a fruit
 u - a meat ration
 z - 6 chunks of flesh


   Skills:
 + Level 7.0 Fighting
 * Level 9.1 Long Blades
 + Level 6.8 Armour
 - Level 3.4 Shields


You had 7 spell levels left.
You didn't know any spells.

Dungeon Overview and Level Annotations

Branches:
Dungeon (5/15)
 Temple: D:4-7

Altars:
Nemelex Xobeh
Qazlal
Trog
Xom
Yredelemnul


Innate Abilities, Weirdness & Mutations

Shadows flee at your approach. (+LOS)
You can swim through water.
You cover ground slowly.
You can hop short distances.


Message History

You hit the worker ant zombie but do no damage.
The worker ant zombie is moderately damaged.
The worker ant zombie bites you.
* * * LOW HITPOINT WARNING * * *
The phantom hits you but does no damage.
The iguana closely misses you.
You hit the worker ant zombie.
The worker ant zombie is heavily damaged.
The worker ant zombie bites you.
* * * LOW HITPOINT WARNING * * *
You block the phantom's attack.
You hit the worker ant zombie.
The worker ant zombie is severely damaged.
The iguana bites you but does no damage.
You hit the worker ant zombie.
The worker ant zombie is almost destroyed.
The worker ant zombie bites you.
* * * LOW HITPOINT WARNING * * *
The phantom hits you!
You die...

.................
.................
...............#
..$............#
...............#
...............#
...............#
.......)Z......#
.......l@(((...#
.......W.....((######
..............(.....#
....................#
....................#
....................#
....................#
....................#
....................#


You could see a phantom, an iguana and a worker ant zombie.

Vanquished Creatures
  Grinder (D:3)
  Sigmund (D:3)
  An ice beast (D:3)
  2 phantoms
  2 ogres
  A centaur (D:5)
  Crazy Yiuf (D:3)
  An orc priest (D:4)
  A centaur skeleton (D:4)
  Ijyb (D:2)
  An iguana (D:4)
  2 worker ants
  A hound skeleton (D:5)
  Robin (D:3)
  5 gnolls
  6 adders
  An ooze (D:3)
  An adder skeleton (D:4)
  2 worms
  2 dart slugs
  6 leopard geckos
  4 orcs
  9 giant cockroaches
  14 goblins
  16 hobgoblins
  2 jackals (D:3)
  A quokka (D:3)
  11 bats
  7 frilled lizards
  8 kobolds
  9 rats
121 creatures vanquished.

Notes
Turn   | Place    | Note
-------+----------+-------------------------------------------
     0 | D:1      | sankara the Barachian Fighter began the quest for the Orb.
     0 | D:1      | Reached XP level 1. HP: 18/18 MP: 1/1
     2 | D:1      | Noticed an ogre
     2 | D:1      | Noticed a vine stalker
     3 | D:1      | Noticed a demigod
     3 | D:1      | Noticed a vampire
     5 | D:1      | Noticed a halfling
     5 | D:1      | Noticed a centaur
     7 | D:1      | Noticed a gargoyle
     7 | D:1      | Noticed a spriggan
     9 | D:1      | Noticed a demonspawn
     9 | D:1      | Noticed a draconian
    11 | D:1      | Noticed an elf
    13 | D:1      | Noticed a formicid
    13 | D:1      | Noticed a tengu
    15 | D:1      | Noticed a merfolk
    17 | D:1      | Noticed a dwarf
    17 | D:1      | Noticed a ghoul
    19 | D:1      | Noticed a troll
    21 | D:1      | Noticed a naga
    23 | D:1      | Noticed a minotaur
    23 | D:1      | Noticed an octopode
    67 | D:1      | Reached skill level 3 in Long Blades
    67 | D:1      | Reached XP level 2. HP: 22/25 MP: 2/2
   268 | D:1      | Reached XP level 3. HP: 25/30 MP: 3/3
   945 | D:2      | Reached skill level 4 in Long Blades
   945 | D:2      | Reached XP level 4. HP: 37/37 MP: 4/4
  1345 | D:2      | Found a faded altar of an unknown god.
  1353 | D:2      | Noticed Ijyb
  1366 | D:2      | Killed Ijyb
  1483 | D:3      | Noticed Robin
  1485 | D:3      | Noticed a phantom
  1578 | D:2      | Killed a phantom
  1578 | D:2      | Reached skill level 5 in Long Blades
  1578 | D:2      | Reached XP level 5. HP: 26/43 MP: 5/5
  1618 | D:3      | Killed Robin
  1637 | D:3      | Reached skill level 5 in Fighting
  1637 | D:3      | Reached XP level 6. HP: 42/51 MP: 6/6
  1752 | D:3      | Noticed Sigmund
  1770 | D:3      | Killed Sigmund
  1770 | D:3      | Reached skill level 6 in Long Blades
  1770 | D:3      | Reached skill level 5 in Armour
  1825 | D:3      | Reached XP level 7. HP: 56/56 MP: 7/7
  1879 | D:3      | Found a basalt altar of Yredelemnul.
  1886 | D:3      | Found a stormy altar of Qazlal.
  2102 | D:3      | Found a sparkling altar of Nemelex Xobeh.
  2166 | D:3      | Noticed Grinder
  2170 | D:3      | Paralysed by Grinder for 4 turns
  2195 | D:3      | Paralysed by Grinder for 3 turns
  2202 | D:3      | Paralysed by Grinder for 6 turns
  2207 | D:3      | HP: 1/56 [Grinder (7)]
  2208 | D:3      | Killed Grinder
  2208 | D:3      | Reached skill level 7 in Long Blades
  2491 | D:3      | Found a runed door.
  2584 | D:3      | Reached XP level 8. HP: 27/64 MP: 8/8
  2749 | D:3      | Reached skill level 8 in Long Blades
  2827 | D:3      | Noticed Crazy Yiuf
  2832 | D:3      | Killed Crazy Yiuf
  2986 | D:4      | Found a shimmering altar of Xom.
  3197 | D:4      | Found a bloodstained altar of Trog.
  3364 | D:5      | Entered Level 5 of the Dungeon
  3387 | D:5      | Reached skill level 9 in Long Blades
  3460 | D:5      | Slain by a phantom

Vault maps used:
D:1:      kb_arrival_jail, moated_statue, minmay_liquid_box,
          minmay_misc_feat_room
D:2:      chequers_ecumenical_altar_simple, minmay_circled_x, uniq_iyjb
D:3:      nemelex_xobeh_ov_fountains_minmay, amethyst_overflow_temple_binary,
          minmay_divided_ellipse, uniq_crazy_yiuf_cottage, uniq_robin,
          uniq_sigmund, uniq_grinder
D:4:      lightli_temple_of_fire, kennysheep_little_box
D:5:      nicolae_overflow_crystal_walls, minitemple, basic_altar, first_bread

Skill      XL: |  1  2  3  4  5  6  7  8 |
---------------+-------------------------+-----
Long Blades    | 3 4 5 6 7 9 |  9.1
Fighting       | 4 5 6 7 |  7.0
Armour         | 4 5 6 |  6.8
Shields        | |  3.4

Action                   |  1- 3 |  4- 6 |  7- 9 || total
-------------------------+-------+-------+-------++-------
Melee: Long sword        |    85 |   181 |   236 ||   502
       Unarmed           |       |       |     3 ||     3
 Abil: Hop               |     1 |       |       ||     1
  Use: Scroll            |     2 |       |       ||     2
       Potion            |       |     3 |     3 ||     6
 Stab: Confused          |       |       |     1 ||     1
  Eat: Chunk             |     1 |     3 |     7 ||    11
Armor: Scale mail        |    42 |    79 |    97 ||   218
Dodge: Dodged            |    43 |    88 |    90 ||   221
Block: Shield            |     5 |       |       ||     5
       Buckler           |    14 |    42 |    57 ||   113
       Rpst.: Long sword |    14 |    28 |    27 ||    69
